PBL
PALM BEACH NATIONALS @ MIAMI BEACH MARLINS
08/29/2045
 
TOP OF THE 1ST
Palm Beach Nationals batting - Pitching for Miami Beach Marlins : RHP Eric Schafer
Pitching: RHP Eric Schafer
Batting: LHB Chris Williams 0-0: Swinging Strike
0-1: Ball
1-1: Ball
2-1: Ball
3-1: Fly out, F8 (Line Drive, 8RM, EV 86.2 MPH)
Batting: RHB Taffounnout Kame 0-0: Foul Ball, location: 2F
0-1: Ground out 6-3 (Groundball, 6S, EV 71.2 MPH)
Batting: RHB Justin Davenport 0-0: Ball
1-0: SINGLE (Flyball, 56D, EV 98.8 MPH)
Batting: RHB Tylor Cyr 0-0: Foul Ball, location: 2F
0-1: Ball
1-1: Called Strike
1-2: Ball
2-2: Strikes out swinging
Top of the 1st over - 0 runs, 1 hit, 0 errors, 1 left on base; Palm Beach 0 - Miami Beach 0
BOTTOM OF THE 1ST
Miami Beach Marlins batting - Pitching for Palm Beach Nationals : RHP Nate Vandergriff
Pitching: RHP Nate Vandergriff
Batting: RHB Masumitsu Sugiura 0-0: Ball
1-0: Swinging Strike
1-1: Called Strike
1-2: Strikes out swinging
Batting: RHB Jason Thrash 0-0: Swinging Strike
0-1: Ball
1-1: Called Strike
1-2: Strikes out looking
Batting: RHB Mike Gar 0-0: Ball
1-0: Ball
2-0: Called Strike
2-1: Ball
3-1: Base on Balls
Batting: LHB Luis Magdaleno 0-0: Ball
Mike Gar steals 2nd base
1-0: Ball
2-0: Called Strike
2-1: DOUBLE (Line Drive, 89XD, EV 110.6 MPH)
Mike Gar scores
Batting: SHB Matt Moore 0-0: Called Strike
0-1: Ball
1-1: SINGLE (Groundball, 4D, EV 96.2 MPH)
Luis Magdaleno to third
Runner from 3rd tries for Home, SAFE, throw by CF to home
Batting: RHB Keith Bennett 0-0: Ball
1-0: Called Strike
1-1: SINGLE (Groundball, 4D, EV 103.8 MPH)
Matt Moore to second
Batting: LHB Orlando Rivera 0-0: Ball
1-0: Called Strike
1-1: Swinging Strike
1-2: Foul Ball, location: 2F
1-2: SINGLE (Line Drive, 7S, EV 110.0 MPH)
Matt Moore to third
Keith Bennett to second
Throwing error, E7
Matt Moore scores
Keith Bennett to third
Orlando Rivera to second
Batting: RHB Robbie Gomez 0-0: SINGLE (Groundball, 4M, EV 98.1 MPH)
Keith Bennett scores
Orlando Rivera to third
Runner from 3rd tries for Home, SAFE, throw by CF to home
Batting: SHB Justin Corbett 0-0: SINGLE (Groundball, 34D, EV 99.4 MPH)
Robbie Gomez to second
Runner from 2nd tries for 3rd, SAFE, throw by RF made to third
Batting: RHB Masumitsu Sugiura 0-0: Called Strike
0-1: Ball
1-1: Ball
Justin Corbett steals 2nd base
2-1: Called Strike
2-2: Ball
3-2: Base on Balls
Batting: RHB Jason Thrash 0-0: Ball
1-0: SINGLE (Line Drive, 8RS, EV 93.8 MPH)
Robbie Gomez scores
Justin Corbett to third
Masumitsu Sugiura to second
Runner from 3rd tries for Home, SAFE, throw by CF to home
Batting: RHB Mike Gar 0-0: Ball
1-0: Called Strike
1-1: Ball
2-1: Ball
3-1: Foul Ball, location: 2F
3-2: Base on Balls
Masumitsu Sugiura to third
Jason Thrash to second
Batting: LHB Luis Magdaleno 0-0: Foul Ball, location: 2F
0-1: Swinging Strike
0-2: Ball
1-2: Ball
2-2: Ball
3-2: Base on Balls
Masumitsu Sugiura scores
Jason Thrash to third
Mike Gar to second
Pitching: RHP Ken Yeadon
Batting: SHB Matt Moore 0-0: Ball
1-0: Ball
2-0: Ball
3-0: Called Strike
3-1: GRAND SLAM HOME RUN (Flyball, 9D, EV 99.4 MPH), Distance : 385 ft
Batting: RHB Keith Bennett 0-0: Foul Ball, location: 2F
0-1: Swinging Strike
0-2: SINGLE (Groundball, 6MD, EV 102.5 MPH)
Batting: LHB Orlando Rivera 0-0: Ball
1-0: Ball
2-0: Foul Ball, location: 2F
2-1: Called Strike
2-2: Ground out 5-3 (Groundball, 56S, EV 69.4 MPH)
Bottom of the 1st over - 12 runs, 9 hits, 1 error, 1 left on base; Palm Beach 0 - Miami Beach 12
TOP OF THE 2ND
Palm Beach Nationals batting - Pitching for Miami Beach Marlins : RHP Eric Schafer
Batting: RHB Vasag Semerjian 0-0: Called Strike
0-1: Ball
1-1: Ball
2-1: Ground out U3 (Groundball, 34, EV 81.2 MPH)
Batting: RHB Kiyonaga Nakamura 0-0: Ball
1-0: Ball
2-0: Ball
3-0: Called Strike
3-1: Called Strike
3-2: Base on Balls
Batting: RHB Jessie Fisher 0-0: Ball
1-0: Called Strike
1-1: Ball
2-1: Ball
Kiyonaga Nakamura steals 2nd base (no throw)
3-1: Foul Ball, location: 2F
3-2: Foul Ball, location: 2F
3-2: Ground out U3 (Groundball, 34S, EV 82.5 MPH)
Kiyonaga Nakamura to third
Batting: LHB Mike Hamilton 0-0: Called Strike
0-1: Ball
1-1: Called Strike
1-2: Ball
2-2: SINGLE (Flyball, 6D, EV 85.6 MPH)
Kiyonaga Nakamura scores
Batting: RHB Scott Merritt 0-0: Ball
1-0: Called Strike
1-1: Swinging Strike
1-2: Ground out 4-3 (Groundball, 4M, EV 106.9 MPH)
Top of the 2nd over - 1 run, 1 hit, 0 errors, 1 left on base; Palm Beach 1 - Miami Beach 12
BOTTOM OF THE 2ND
Miami Beach Marlins batting - Pitching for Palm Beach Nationals : RHP Ken Yeadon
Batting: RHB Robbie Gomez 0-0: Ball
1-0: Ball
2-0: Called Strike
2-1: Swinging Strike
2-2: Foul Ball, location: 2F
2-2: Ball
3-2: Foul Ball, location: 2F
3-2: Ground out 6-3 (Groundball, 6, EV 102.5 MPH)
Pitching: RHP Jimmy Purscell
Batting: SHB Justin Corbett 0-0: Ball
1-0: Called Strike
1-1: Ball
2-1: Ball
3-1: Swinging Strike
3-2: Strikes out swinging
Batting: RHB Masumitsu Sugiura 0-0: Ball
1-0: SINGLE (Groundball, 6MD, EV 100.6 MPH)
Batting: RHB Jason Thrash 0-0: SINGLE (Groundball, 5, EV 95.0 MPH)
Masumitsu Sugiura to second
Batting: RHB Mike Gar 0-0: Ball
1-0: Swinging Strike
1-1: Called Strike
1-2: Strikes out swinging
Bottom of the 2nd over - 0 runs, 2 hits, 0 errors, 2 left on base; Palm Beach 1 - Miami Beach 12
TOP OF THE 3RD
Palm Beach Nationals batting - Pitching for Miami Beach Marlins : RHP Eric Schafer
Batting: LHB Chris Williams 0-0: Ball
1-0: Ground out 4-3 (Groundball, 4MD, EV 86.2 MPH)
Batting: RHB Taffounnout Kame 0-0: Called Strike
0-1: Called Strike
0-2: Strikes out swinging
Batting: RHB Justin Davenport 0-0: Called Strike
0-1: Fly out, F6 (Popup, 6, EV 54.4 MPH)
Top of the 3rd over - 0 runs, 0 hits, 0 errors, 0 left on base; Palm Beach 1 - Miami Beach 12
BOTTOM OF THE 3RD
Miami Beach Marlins batting - Pitching for Palm Beach Nationals : RHP Jimmy Purscell
Batting: LHB Luis Magdaleno 0-0: SOLO HOME RUN (Flyball, 7D, EV 98.1 MPH), Distance : 400 ft
Batting: SHB Matt Moore 0-0: Ball
1-0: Fly out, F8 (Flyball, 8LM, EV 93.1 MPH)
Batting: RHB Keith Bennett 0-0: Ball
1-0: Ball
2-0: Foul Ball, location: 2F
2-1: Foul Ball, location: 2F
2-2: Ball
3-2: Base on Balls
Pitching: LHP Johnny Busse
Batting: LHB Orlando Rivera 0-0: Fielders Choice at 2nd, 2-4 (Groundball, 2L, EV 65.0 MPH)
Batting: RHB Robbie Gomez 0-0: Ball
1-0: Foul Ball, location: 2F
1-1: Foul Ball, location: 2F
1-2: Ball
2-2: Ball
3-2: Foul Ball, location: 2F
3-2: Base on Balls
Orlando Rivera to second
Batting: SHB Justin Corbett 0-0: Ball
1-0: Called Strike
1-1: Ball
2-1: Ball
3-1: Base on Balls
Orlando Rivera to third
Robbie Gomez to second
Batting: RHB Masumitsu Sugiura 0-0: Ball
1-0: Ball
2-0: Swinging Strike
2-1: Ball
3-1: Base on Balls
Orlando Rivera scores
Robbie Gomez to third
Justin Corbett to second
Batting: RHB Jason Thrash 0-0: Called Strike
0-1: Ball
1-1: Ball
2-1: Foul Ball, location: 2F
2-2: Ball
3-2: SINGLE (Flyball, 4D, EV 91.2 MPH)
Robbie Gomez scores
Justin Corbett to third
Masumitsu Sugiura to second
Justin Corbett scores
Masumitsu Sugiura to third
Batting: RHB Mike Gar 0-0: Ball
1-0: Foul Ball, location: 2F
1-1: Foul Ball, location: 2F
1-2: Ball
2-2: TRIPLE (Flyball, 78XD, EV 98.1 MPH)
Masumitsu Sugiura scores
Jason Thrash scores
Batting: LHB Luis Magdaleno 0-0: Ball
1-0: Foul Ball, location: 2F
1-1: Called Strike
1-2: Ball
2-2: Foul Ball, location: 2F
2-2: SINGLE (Groundball, 6MD, EV 95.0 MPH)
Mike Gar scores
Batting: SHB Matt Moore 0-0: Called Strike
0-1: Swinging Strike
0-2: Strikes out looking
Bottom of the 3rd over - 7 runs, 4 hits, 0 errors, 1 left on base; Palm Beach 1 - Miami Beach 19
TOP OF THE 4TH
Palm Beach Nationals batting - Pitching for Miami Beach Marlins : RHP Eric Schafer
Batting: RHB Tylor Cyr 0-0: Ball
1-0: Called Strike
1-1: Ball
2-1: Foul Ball, location: 2F
2-2: SINGLE (Groundball, 34D, EV 98.1 MPH)
Batting: RHB Vasag Semerjian 0-0: Ball
1-0: Ball
2-0: Called Strike
2-1: Foul Ball, location: 2F
2-2: Ball
3-2: Strikes out swinging
Batting: RHB Kiyonaga Nakamura 0-0: Ball
1-0: Ball
2-0: Ball
3-0: Base on Balls
Tylor Cyr to second
Batting: RHB Jessie Fisher 0-0: Called Strike
0-1: Grounds into double play, 4-6-3 (Groundball, 4, EV 88.1 MPH)
Top of the 4th over - 0 runs, 1 hit, 0 errors, 1 left on base; Palm Beach 1 - Miami Beach 19
BOTTOM OF THE 4TH
Miami Beach Marlins batting - Pitching for Palm Beach Nationals : LHP Johnny Busse
Batting: RHB Keith Bennett 0-0: Ball
1-0: Ball
2-0: Called Strike
2-1: Ball
3-1: Called Strike
3-2: Base on Balls
Batting: LHB Orlando Rivera 0-0: Called Strike
0-1: Ball
1-1: Swinging Strike
1-2: Fielders Choice at 2nd, 4-6 (Groundball, 4, EV 110.6 MPH)
Batting: RHB Robbie Gomez 0-0: Ball
1-0: Ball
2-0: Ball
3-0: Called Strike
3-1: Base on Balls
Orlando Rivera to second
Batting: SHB Justin Corbett 0-0: Ball
1-0: Ball
2-0: Ball
3-0: Called Strike
3-1: Foul Ball, location: 2F
3-2: Reached on error, E5 (Groundball, 56S, EV 71.2 MPH)
Orlando Rivera to third
Robbie Gomez to second
Batting: RHB Masumitsu Sugiura 0-0: Ball
1-0: GRAND SLAM HOME RUN (Flyball, 8LXD, EV 110.0 MPH), Distance : 440 ft
Batting: RHB Jason Thrash 0-0: Called Strike
0-1: Swinging Strike
0-2: Ball
1-2: SOLO HOME RUN (Flyball, 7LD, EV 93.1 MPH), Distance : 347 ft
Batting: RHB Mike Gar 0-0: SINGLE (Groundball, 56, EV 99.4 MPH)
Batting: LHB Luis Magdaleno 0-0: 2-RUN HOME RUN (Flyball, 89XD, EV 112.5 MPH) (Inside the Park)
Batting: SHB Matt Moore 0-0: Ground out 5-3 (Groundball, 5, EV 76.9 MPH)
Batting: RHB Keith Bennett 0-0: Reached on error, E4 (Groundball, 4D, EV 79.4 MPH)
Batting: LHB Orlando Rivera 0-0: Called Strike
0-1: Ball
1-1: Foul Ball, location: 2F
1-2: Strikes out swinging
Bottom of the 4th over - 7 runs, 4 hits, 2 errors, 1 left on base; Palm Beach 1 - Miami Beach 26
TOP OF THE 5TH
Palm Beach Nationals batting - Pitching for Miami Beach Marlins : RHP Eric Schafer
Batting: LHB Mike Hamilton 0-0: Foul Ball, location: 2F
0-1: Ball
1-1: Fly out, F4 (Flyball, 34D, EV 92.5 MPH)
Batting: RHB Scott Merritt 0-0: Ball
1-0: Fly out, F4 (Popup, 4S, EV 66.9 MPH)
Batting: LHB Chris Williams 0-0: Ball
1-0: Ball
2-0: Fly out, F9 (Flyball, 9D, EV 93.1 MPH)
Top of the 5th over - 0 runs, 0 hits, 0 errors, 0 left on base; Palm Beach 1 - Miami Beach 26
BOTTOM OF THE 5TH
Miami Beach Marlins batting - Pitching for Palm Beach Nationals : LHP Johnny Busse
Batting: RHB Robbie Gomez 0-0: Ball
1-0: Ball
2-0: Ball
3-0: Base on Balls
Batting: SHB Justin Corbett 0-0: SINGLE (Groundball, 6M, EV 85.6 MPH) (infield hit)
Robbie Gomez to second
Batting: RHB Masumitsu Sugiura 0-0: Ball
1-0: Ball
2-0: Foul Ball, location: 2F
2-1: Ball
3-1: Base on Balls
Robbie Gomez to third
Justin Corbett to second
Batting: RHB Jason Thrash 0-0: Called Strike
0-1: Ball
1-1: Swinging Strike
1-2: Ball
2-2: Foul Ball, location: 2F
2-2: Ball
3-2: Foul Ball, location: 2F
3-2: Strikes out looking
Batting: RHB Mike Gar 0-0: Ball
1-0: Ball
2-0: Ball
3-0: Base on Balls
Robbie Gomez scores
Justin Corbett to third
Masumitsu Sugiura to second
Batting: LHB Luis Magdaleno 0-0: Called Strike
0-1: Foul Ball, location: 2F
0-2: Fielders Choice at 2nd, 4-6 (Groundball, 4, EV 84.4 MPH)
Justin Corbett scores
Masumitsu Sugiura to third
Batting: SHB Matt Moore 0-0: Ball
1-0: Foul Ball, location: 2F
1-1: Ball
2-1: Swinging Strike
2-2: Ball
3-2: Base on Balls
Luis Magdaleno to second
Batting: RHB Keith Bennett 0-0: Fly out, F9 (Line Drive, 9, EV 93.8 MPH)
Bottom of the 5th over - 2 runs, 1 hit, 0 errors, 3 left on base; Palm Beach 1 - Miami Beach 28
TOP OF THE 6TH
Palm Beach Nationals batting - Pitching for Miami Beach Marlins : RHP Eric Schafer
Batting: RHB Taffounnout Kame 0-0: Ball
1-0: Fly out, F7 (Line Drive, 7, EV 111.9 MPH)
Batting: RHB Justin Davenport 0-0: Swinging Strike
0-1: Fly out, F7 (Flyball, 7D, EV 84.4 MPH)
Batting: RHB Tylor Cyr 0-0: Ball
1-0: Ball
2-0: Foul Ball, location: 2F
2-1: Ball
3-1: Called Strike
3-2: Foul Ball, location: 2F
3-2: Base on Balls
Batting: RHB Vasag Semerjian Balk!
Tylor Cyr to second
0-0: Ball
1-0: Called Strike
1-1: Swinging Strike
1-2: Ball
2-2: Strikes out swinging
Top of the 6th over - 0 runs, 0 hits, 0 errors, 1 left on base; Palm Beach 1 - Miami Beach 28
BOTTOM OF THE 6TH
Miami Beach Marlins batting - Pitching for Palm Beach Nationals : LHP Johnny Busse
Batting: LHB Orlando Rivera 0-0: SINGLE (Groundball, 34D, EV 98.1 MPH)
Batting: RHB Robbie Gomez 0-0: Fielders Choice at 2nd, 5-4 (Groundball, 5S, EV 81.9 MPH)
Batting: SHB Justin Corbett 0-0: Fielders Choice at 2nd, 1-6 (Groundball, 23, EV 75.0 MPH)
Batting: RHB Masumitsu Sugiura 0-0: Ball
1-0: Foul Ball, location: 2F
1-1: Fly out, F7 (Flyball, 7LM, EV 98.1 MPH)
Bottom of the 6th over - 0 runs, 1 hit, 0 errors, 1 left on base; Palm Beach 1 - Miami Beach 28
TOP OF THE 7TH
Palm Beach Nationals batting - Pitching for Miami Beach Marlins : RHP Eric Schafer
Batting: RHB Kiyonaga Nakamura 0-0: Called Strike
0-1: Ball
1-1: SINGLE (Groundball, 56D, EV 105.0 MPH)
Batting: RHB Jessie Fisher 0-0: Ball
1-0: Called Strike
1-1: Swinging Strike
1-2: Ball
2-2: Ball
3-2: Strikes out swinging
Batting: LHB Mike Hamilton 0-0: Called Strike
0-1: Foul Ball, location: 2F
0-2: Ball
1-2: Strikes out swinging
Batting: RHB Scott Merritt 0-0: Called Strike
0-1: Swinging Strike
0-2: Ball
1-2: Strikes out swinging
Top of the 7th over - 0 runs, 1 hit, 0 errors, 1 left on base; Palm Beach 1 - Miami Beach 28
BOTTOM OF THE 7TH
Miami Beach Marlins batting - Pitching for Palm Beach Nationals : LHP Johnny Busse
Pinch Hitting: RHB George Boivin 0-0: Fly out, F6 (Flyball, 6D, EV 90.0 MPH)
Pinch Hitting: RHB Rick English 0-0: Ground out 4-3 (Groundball, 4, EV 84.4 MPH)
Pinch Hitting: RHB Manuel Taveras 0-0: Ball
1-0: Ball
2-0: Fly out, F7 (Flyball, 7S, EV 91.2 MPH)
Bottom of the 7th over - 0 runs, 0 hits, 0 errors, 0 left on base; Palm Beach 1 - Miami Beach 28
TOP OF THE 8TH
Palm Beach Nationals batting - Pitching for Miami Beach Marlins : RHP Eric Schafer
Now at 1B: Justin Dunham
Now in LF: George Boivin
Now in RF: Rick English
Batting: LHB Chris Williams 0-0: Called Strike
0-1: Ball
1-1: Ball
2-1: Called Strike
2-2: Foul Ball, location: 2F
2-2: Ball
3-2: Fly out, F9 (Flyball, 9S, EV 94.4 MPH)
Batting: RHB Taffounnout Kame 0-0: Called Strike
0-1: Hit by Pitch
Pitching: RHP Santiago Navarro
Batting: RHB Justin Davenport 0-0: 2-RUN HOME RUN (Flyball, 7D, EV 100.0 MPH), Distance : 402 ft
Batting: RHB Tylor Cyr 0-0: Fly out, F9 (Flyball, 9D, EV 98.8 MPH)
Batting: RHB Vasag Semerjian 0-0: Ball
1-0: Called Strike
1-1: Called Strike
1-2: Hit by Pitch
Batting: RHB Kiyonaga Nakamura 0-0: Ball
1-0: Ball
2-0: Ball
3-0: Base on Balls
Vasag Semerjian to second
Batting: RHB Jessie Fisher 0-0: Ball
Wild Pitch!
Vasag Semerjian to third
Kiyonaga Nakamura to second
1-0: Ball
2-0: Swinging Strike
2-1: Swinging Strike
2-2: Foul Ball, location: 2F
2-2: Strikes out looking
Top of the 8th over - 2 runs, 1 hit, 0 errors, 2 left on base; Palm Beach 3 - Miami Beach 28
BOTTOM OF THE 8TH
Miami Beach Marlins batting - Pitching for Palm Beach Nationals : LHP Johnny Busse
Batting: SHB Matt Moore 0-0: Ball
1-0: Ball
2-0: Ball
3-0: Base on Balls
Batting: RHB Keith Bennett 0-0: Ball
1-0: Swinging Strike
1-1: Swinging Strike
1-2: Ball
2-2: Ball
3-2: Foul Ball, location: 2F
3-2: Strikes out swinging
Batting: LHB Orlando Rivera 0-0: Ball
1-0: Ball
2-0: Ball
3-0: Base on Balls
Matt Moore to second
Batting: RHB Robbie Gomez 0-0: Fielders Choice at 2nd, 6-4 (Groundball, 56, EV 101.9 MPH)
Matt Moore to third
Batting: SHB Justin Corbett 0-0: Ball
1-0: Foul Ball, location: 2F
1-1: Swinging Strike
1-2: Strikes out swinging
Bottom of the 8th over - 0 runs, 0 hits, 0 errors, 2 left on base; Palm Beach 3 - Miami Beach 28
TOP OF THE 9TH
Palm Beach Nationals batting - Pitching for Miami Beach Marlins : RHP Santiago Navarro
Batting: LHB Mike Hamilton 0-0: Called Strike
0-1: Ball
1-1: Called Strike
1-2: Foul Ball, location: 2F
1-2: Strikes out looking
Batting: RHB Scott Merritt 0-0: Called Strike
0-1: Ball
1-1: Ball
2-1: Ball
3-1: Called Strike
3-2: Base on Balls
Batting: LHB Chris Williams 0-0: Ball
1-0: Ball
2-0: Ball
3-0: Called Strike
3-1: Foul Ball, location: 2F
3-2: Base on Balls
Scott Merritt to second
Batting: RHB Taffounnout Kame 0-0: Ball
1-0: Ball
2-0: Called Strike
2-1: Foul Ball, location: 2F
2-2: Ball
3-2: Strikes out swinging
Batting: RHB Justin Davenport 0-0: Ball
1-0: Swinging Strike
1-1: Foul Ball, location: 2F
1-2: Fielders Choice at 2nd, 6-4 (Groundball, 6, EV 79.4 MPH)
Top of the 9th over - 0 runs, 0 hits, 0 errors, 2 left on base; Palm Beach 3 - Miami Beach 28
Wednesday, June 22nd , 2022 - OOTP Baseball 23.4 Build 64